 Dungeon Crawl Stone Soup version 0.27-a0-1296-g8ece459b43 (webtiles) character file.

Game seed: 6054107290171775197

38 HAL9000 the Sneak (level 3, -4/18 HPs)
             Began as a Vine Stalker Brigand on June 16, 2021.
             Slain by a gnoll (6 damage)
             ... on level 2 of the Dungeon.
             The game lasted 00:01:14 (1458 turns).

HAL9000 the Sneak (Vine Stalker Brigand)            Turns: 1458, Time: 00:01:15

Health: -4/18      AC:  3    Str: 14    XL:     3   Next: 43%
Magic:  0/4        EV: 11    Int: 11    God:
Gold:   34         SH:  0    Dex: 15    Spells: 2/2 levels left

rFire    . . .     SeeInvis .   j - +2 executioner's axe (flame)
rCold    . . .     Faith    .   (shield currently unavailable)
rNeg     . . .     Spirit   +   b - +0 robe
rPois    .         Reflect  .   (no helmet)
rElec    .         Harm     .   c - +0 cloak
rCorr    .         Rampage  .   (no gloves)
Will     .....                  (no boots)
Stlth    +++.......             (no amulet)
HPRegen  0.06/turn              (no ring)
MPRegen  0.09/turn              (no ring)

@: mighty, lethally poisoned (-4 -> -8)
A: fangs 2, magic shield, antimagic bite, no potion heal 2
a: no special abilities


You were on level 2 of the Dungeon.
You visited 1 branch of the dungeon, and saw 2 of its levels.

You collected 34 gold pieces.

Inventory:

Hand Weapons
 a - a +2 dagger
 j - a +2 executioner's axe of flaming (weapon)
Missiles
 d - 8 poisoned darts (quivered)
 e - 2 curare-tipped darts
Armour
 b - a +0 robe (worn)
 c - a +0 cloak (worn)
Scrolls
 i - a scroll of silence {unknown}
Potions
 g - a potion of attraction {unknown}
 h - a potion of degeneration {unknown}
 k - a potion of heal wounds {unknown}


   Skills:
 - Level 1.7 Fighting
 - Level 3.1 Short Blades
 + Level 0.9 Axes
 - Level 1.7 Throwing
 - Level 0.7 Dodging
 - Level 4.8 Stealth


You had 2 spell levels left.
You didn't know any spells.
Your spell library was empty.

Dungeon Overview and Level Annotations

Branches:
Dungeon (2/15)

Altars:


Innate Abilities, Weirdness & Mutations

You have extremely sharp teeth.
When hurt, damage is shared between your health and your magic reserves.
Your bite disrupts and absorbs the magic of your enemies.
Potions cannot restore your health.


Message History

No target in view!
No target in view!
Things that are here:
a ball python corpse; a jackal corpse No target in view!
No target in view!
You see here 12 stones.
Found a stone staircase leading down.
No target in view!
No target in view!
No target in view!
There is a stone staircase leading down here.
A bat comes into view.
A bat is nearby! 3 gnolls come into view.
A gnoll is wielding a +0 whip of venom.
A gnoll comes into view. It is wielding a +0 spear.
The gnoll shouts! x3
The bat hits you but does no damage.
You miss the bat. Your bite misses the bat. The bat closely misses you.
The bat barely misses you. The gnoll barely misses you.
You hit the gnoll. You burn the gnoll. You bite the gnoll. You drain its power.
The gnoll is moderately wounded.
You closely miss the bat. The bat misses you. The gnoll barely misses you.
The gnoll hits you from afar with a +0 spear.
The bat hits you.
The gnoll hits you with a +0 whip of venom.
You are lethally poisoned!
The gnoll hits you from afar with a +0 spear.
The bat closely misses you.
You feel sick. The bat hits you. The gnoll barely misses you.
* * * LOW HITPOINT WARNING * * *
You feel sick. The bat closely misses you.
* * * LOW HITPOINT WARNING * * *
You feel sick. The bat misses you.
It was a potion of might.
You feel very mighty all of a sudden.
* * * LOW HITPOINT WARNING * * *
You feel sick. The bat hits you but does no damage.
The gnoll hits you with a +0 flail.
You die...

#.# #># #.# #.#
#.# #.####
#.##.## .##
#.###.#b#.##...##
#.....@ggg......#
#######g.........
##.####.### ### #


You could see 4 gnolls and a bat.

Vanquished Creatures
  2 dart slugs (D:1)
  An endoplasm (D:1)
  3 goblins (D:1)
  2 hobgoblins
  9 jackals
  2 quokkas (D:1)
  2 ball pythons
  A bat (D:1)
  2 frilled lizards (D:1)
  4 kobolds (D:1)
  2 rats (D:1)
30 creatures vanquished.

Notes
Turn   | Place    | Note
-------+----------+-------------------------------------------
     0 | D:1      | HAL9000 the Vine Stalker Brigand began the quest for the
                  | Orb.
     0 | D:1      | Reached XP level 1. HP: 11/11 MP: 2/2
   238 | D:1      | Reached XP level 2. HP: 8/15 MP: 1/3
   816 | D:1      | Reached XP level 3. HP: 12/18 MP: 2/4
  1458 | D:2      | Slain by a gnoll

Illustrated notes

Levels and vault maps discovered:
D:1:      nzn_arrival_depleted_hourglass, layout_basic, minmay_distorted
D:2:      layout_loops_ring, minmay_hexomino_p4

Skill      XL: |  1  2 |
---------------+-------+-----
Short Blades   | 2 3 |  3.1
Fighting       | |  1.7
Axes           | |  0.9
Throwing       | |  1.7
Dodging        | |  0.7
Stealth        | |  4.8

Action                   || total
-------------------------++-------
Melee: Dagger            ||    41
       Bite              ||    19
       Executioner's axe ||    31
Throw: Dart              ||     3
  Use: Potion            ||     1
 Stab: Sleeping          ||     5
Armor: Robe              ||    20
Dodge: Dodged            ||    62

Table legend: (Time is in decaauts)
 A = Elapsed time spent in this place.
 B = Non-inter-level travel time spent in this place.
 C = Inter-level travel time spent in this place.
 D = Time resting spent in this place.
 E = Time spent auto-exploring this place.
 F = Levels seen in this place.
 G = Mean time per level.
                   A        B        C        D        E       F      G
               +--------+--------+--------+--------+--------+-----+--------+
         Total |   1482 |   1466 |     16 |    221 |   1044 |   2 |  741.0 |
       Dungeon |   1482 |   1466 |     16 |    221 |   1044 |   2 |  741.0 |
               +--------+--------+--------+--------+--------+-----+--------+

Top non-repeatable levels by time:
     D:1: 1299 daAuts
     D:2: 183 daAuts
